 Dungeon Crawl Stone Soup version 0.20-a0-739-g6bb112f (webtiles) character file.

3549 Gorglomux the Destroyer (level 9, -15/45 HPs)
             Began as a Deep Elf Fire Elementalist on Feb 24, 2017.
             Was an Elder of Vehumet.
             Killed from afar by CalmDownMonkey's ghost (27 damage)
             ... with a stone arrow
             ... on level 9 of the Dungeon.
             The game lasted 00:20:28 (9073 turns).

Gorglomux the Destroyer (DEFE)                      Turns: 9073, Time: 00:20:28

Health: -15/45     AC:  3    Str:  5    XL:     9   Next: 83%
Magic:  8/18       EV: 13    Int: 24    God:    Vehumet [****..]
Gold:   392        SH:  0    Dex: 15    Spells: 1/18 levels left

rFire    + . .     SeeInvis .   g - +2 dagger (speed)
rCold    x . .     Gourm    .   a - +0 robe
rNeg     . . .     Faith    .   (no shield)
rPois    .         Spirit   .   (no helmet)
rElec    .         Reflect  .   (no cloak)
rCorr    .         Harm     .   (no gloves)
MR       .....                  K - +0 pair of boots
Stlth    ++........             (no amulet)
Regen    0.2/turn               F - ring of fire
MPRegen  0.2/turn               l - ring of flight

@: no status effects
A: no striking features
a: Renounce Religion, Evoke Flight


You were on level 9 of the Dungeon.
You worshipped Vehumet.
Vehumet was greatly pleased with you.
You were hungry.

You visited 1 branch of the dungeon, and saw 9 of its levels.

You collected 392 gold pieces.

Inventory:

Hand Weapons
 g - a +2 dagger of speed (weapon)
 m - a +0 vampiric whip
Missiles
 Z - 2 throwing nets (quivered)
Armour
 a - a +0 robe (worn)
 K - a +0 pair of boots (worn)
Magical Staves
 A - an uncursed staff of death
 I - an uncursed staff of summoning
Jewellery
 l - a ring of flight (left hand)
 F - a ring of fire (right hand)
Wands
 D - a wand of digging (16/24)
 E - a wand of enslavement (13/24)
 N - a wand of flame (17/48)
 O - a wand of clouds (6/9)
 P - a wand of paralysis (24/24)
Scrolls
 n - 4 scrolls of remove curse
 o - a scroll of fear {unknown}
 r - a scroll of recharging
 z - a scroll of random uselessness {unknown}
 C - a scroll of fog {unknown}
 G - 2 scrolls of enchant armour {unknown}
 H - 2 scrolls of enchant weapon {unknown}
 S - a scroll of magic mapping {unknown}
 T - 3 scrolls of teleportation
 X - 2 scrolls of immolation {unknown}
 Y - 3 scrolls of amnesia {unknown}
Potions
 h - 6 potions of lignification
 i - 3 potions of haste
 j - 2 potions of cancellation
 p - 2 potions of mutation
 s - 2 potions of resistance
 t - a potion of berserk rage
 x - 3 potions of agility
 J - a potion of brilliance
 L - a potion of degeneration {unknown}
 M - 2 potions of flight
 Q - a potion of heal wounds
 V - 2 potions of curing
Books
 b - a book of Flames

   Spells                             Type                      Level
   a - Flame Tongue                   Conjuration/Fire             1
   b - Throw Flame                    Conjuration/Fire             2
   c - Conjure Flame                  Conjuration/Fire             3
   d - Inner Flame                    Hexes/Fire                   3
   e - Sticky Flame                   Conjuration/Fire             4
   f - Fireball                       Conjuration/Fire             5
 y - the Guide on Calling and Translocation
   (You found it on level 8 of the Dungeon)

   Spells                             Type                      Level
   a - Summon Butterflies             Summoning                    1
   b - Portal Projectile              Hexes/Translocation          3
   c - Summon Lightning Spire         Summoning/Air                4
   d - Shadow Creatures               Summoning                    6
   e - Dispersal                      Translocation                6
Comestibles
 c - 11 bread rations
 f - 6 fruits
 U - 3 royal jellies
 W - 3 meat rations


   Skills:
 - Level 2.4 Dodging
 - Level 2.4 Stealth
 - Level 5.0 Spellcasting
 + Level 10.6 Conjurations
 + Level 3.9 Translocations
 - Level 10.3 Fire Magic


You had one spell level left.
You knew the following spells:

 Your Spells              Type           Power        Failure   Level  Hunger
a - Flame Tongue          Conj/Fire      #####        1%          1    None
b - Sticky Flame          Conj/Fire      ######..     1%          4    ####...
c - Fireball              Conj/Fire      ######....   1%          5    #####..
d - Force Lance           Conj/Tloc      #####...     1%          4    ####...
j - Conjure Flame         Conj/Fire      ######..     1%          3    ##.....


Dungeon Overview and Level Annotations

Branches:
Dungeon (9/15)             Temple (0/1) D:5
   Lair: D:8-11         Orc: D:9-12

Altars:
Dithmenos
Gozag
Hepliaklqana
Kikubaaqudgha
Nemelex Xobeh
Ru
Trog
Uskayaw
Vehumet
Xom
Yredelemnul
The Shining One

Annotations:
D:9 CalmDownMonkey's ghost, novice GrEE


Message History

The orc warrior misses you.
CalmDownMonkey's ghost says, "The agents of utter destruction are not stopped by death."
Press: ? - help, v - describe, . - travel
Here: an orc warrior, wielding a halberd and wearing a plate armour A stone staircase leading down.
The orc warrior barely misses you.
Things that are here:
a flail; a royal jelly; a chunk of flesh CalmDownMonkey's ghost casts a spell at you.
The blast of sand hits you!
* * * LOW HITPOINT WARNING * * *
Things that are here:
a trident; a chain mail CalmDownMonkey's ghost gestures at you while chanting.
The stone arrow hits you!
* * * LOW HITPOINT WARNING * * *
CalmDownMonkey's ghost gestures at you while chanting.
The stone arrow hits you!
Ouch! That really hurt!
You die...

##########
/......<.#
########.###.##
#............#
#.#####.###..#
#.####.#.##>.# #
#.##..###....#
#.##.##.#.#)###...#
#....@.....## ...
####.##.#### .
#)##.# #.##.#
#W#..# #o)).#
###.o# #o.# #.)#


You could see an orc warrior and CalmDownMonkey's ghost.

Vanquished Creatures
  Pikel (D:7)
  2 hungry ghosts
  Edmund (D:6)
  A black bear (D:8)
  4 orc warriors (D:9)
  A sky beast (D:6)
  2 slaves (D:7)
  A necrophage (D:8)
  3 ogres (D:7)
  2 centaurs
  A big kobold (D:7)
  The ghost of Gorglomux the Magician, an amateur DEFE (D:3)
  2 bullfrogs
  3 scorpions
  3 wights (D:6)
  3 vampire bats (D:2)
  An electric eel (D:9)
  2 bullfrog zombies
  3 crimson imps
  2 hounds
  2 bullfrog skeletons
  2 orc priests (D:9)
  A centaur skeleton (D:8)
  3 orc wizards
  A gnoll shaman (D:6)
  6 iguanas
  2 worker ants
  A hound zombie (D:8)
  A hound skeleton (D:5)
  6 gnolls
  10 adders
  A shadow imp (D:5)
  4 adder skeletons
  4 worms (D:3)
  A dart slug (D:1)
  4 leopard geckos
  23 orcs
  3 bats
  3 bat skeletons (D:2)
  A bat zombie (D:2)
  6 giant cockroaches
  6 hobgoblins
  8 jackals
  A quokka (D:8)
  2 ball pythons
  3 frilled lizards
  2 gnoll zombies (D:4)
  15 goblins
  12 kobolds
  A leopard gecko skeleton (D:6)
  4 rats
178 creatures vanquished.

Vanquished Creatures (others)
  A worker ant (D:7)
1 creature vanquished.

Grand Total: 179 creatures vanquished

Notes
Turn   | Place    | Note
-------+----------+-------------------------------------------
     0 | D:1      | Gorglomux the Deep Elf Fire Elementalist began the quest for the Orb.
     0 | D:1      | Reached XP level 1. HP: 10/10 MP: 6/6
   271 | D:1      | Reached XP level 2. HP: 15/15 MP: 0/8
   776 | D:1      | Reached skill level 3 in Conjurations
  1102 | D:2      | Reached XP level 3. HP: 15/19 MP: 3/9
  1162 | D:2      | Learned a level 3 spell: Conjure Flame
  1263 | D:2      | Found a radiant altar of Vehumet.
  1274 | D:2      | Became a worshipper of Vehumet
  1651 | D:2      | Found a sacrificial altar of Ru.
  1654 | D:2      | Found a sparkling altar of Nemelex Xobeh.
  1655 | D:2      | Found a shadowy altar of Dithmenos.
  1850 | D:2      | Found an ancient bone altar of Kikubaaqudgha.
  1857 | D:2      | Reached XP level 4. HP: 20/24 MP: 0/10
  1874 | D:2      | Reached * piety under Vehumet
  1874 | D:2      | Offered knowledge of Magic Dart by Vehumet.
  1874 | D:2      | Reached XP level 5. HP: 15/28 MP: 0/11
  1975 | D:2      | Learned a level 4 spell: Sticky Flame
  2461 | D:3      | Noticed Gorglomux's ghost (amateur DEFE)
  2477 | D:3      | Killed Gorglomux's ghost
  2477 | D:3      | Reached XP level 6. HP: 32/32 MP: 3/15
  2484 | D:3      | Learned a level 5 spell: Fireball
  3226 | D:3      | Found a glowing golden altar of the Shining One.
  3573 | D:4      | Found a basalt altar of Yredelemnul.
  3693 | D:4      | Found a shimmering altar of Xom.
  4055 | D:5      | Entered Level 5 of the Dungeon
  4313 | D:5      | Found a staircase to the Ecumenical Temple.
  4342 | D:5      | Noticed a hungry ghost
  4349 | D:5      | Reached skill level 6 in Fire Magic
  4349 | D:5      | Reached XP level 7. HP: 24/36 MP: 7/16
  4484 | D:5      | Killed a hungry ghost
  4853 | D:5      | Found a bloodstained altar of Trog.
  5152 | D:6      | Noticed Edmund
  5159 | D:6      | Killed Edmund
  5159 | D:6      | Reached skill level 6 in Conjurations
  5210 | D:6      | Reached ** piety under Vehumet
  5336 | D:6      | Found a sacrificial altar of Ru.
  5538 | D:6      | Offered knowledge of Searing Ray by Vehumet.
  5676 | D:6      | Reached XP level 8. HP: 41/41 MP: 7/17
  6220 | D:6      | Found a hazy altar of Hepliaklqana.
  6367 | D:7      | Noticed a dagger
  6390 | D:7      | Found a shadowy altar of Dithmenos.
  6451 | D:7      | Noticed a dagger
  6454 | D:7      | Found a hide-covered altar of Uskayaw.
  6792 | D:7      | Noticed Pikel
  6804 | D:7      | Killed Pikel
  6804 | D:7      | Reached skill level 9 in Fire Magic
  6804 | D:7      | Reached XP level 9. HP: 45/45 MP: 7/18
  7078 | D:7      | Offered knowledge of Ignite Poison by Vehumet.
  7397 | D:7      | Reached skill level 9 in Conjurations
  7416 | D:7      | Reached *** piety under Vehumet
  7633 | D:8      | Found an opulent altar of Gozag.
  7803 | D:8      | Identified the Guide on Calling and Translocation
  7817 | D:8      | Offered knowledge of Force Lance by Vehumet.
  8189 | D:7      | Learned a level 4 spell: Force Lance
  8634 | D:9      | Reached skill level 1 in Translocations
  8636 | D:9      | Noticed CalmDownMonkey's ghost (novice GrEE)
  8896 | D:9      | Reached skill level 3 in Translocations
  8958 | D:9      | Reached **** piety under Vehumet
  9073 | D:9      | Killed from afar by CalmDownMonkey's ghost

Vault maps used:
D:1:      elethiomel_arrival_infinity_welcomes_careful_drivers
D:2:      kennysheep_vampire_church, overflow_temple_1_default, minitemple
D:3:      tso_altar, first_bread
D:4:      old_standard_altar, lemuel_zombie_altar_yredelemnul
D:5:      temple_pool_b, hex_intersection, trog_book
D:6:      marbit_many_paths, nicolae_ru_awakened_eye, uniq_edmund
D:7:      dancing_weapons_uskayaw, enter_bailey_3, grunt_ogre_cave,
          grunt_dithmenos_smoke, uniq_pikel
D:8:      grunt_gozag_breadcrumbs
D:9:      erik_orc_2

Skill      XL: |  1  2  3  4  5  6  7  8  9 |
---------------+----------------------------+-----
Conjurations   | 2 3 4 5 6 8 10 | 10.6
Fire Magic     | 4 5 6 7 9 10 | 10.3
Spellcasting   | 5 |  5.0
Translocations | 3 |  3.9
Dodging        | |  2.4
Stealth        | |  2.4

Action                   |  1- 3 |  4- 6 |  7- 9 || total
-------------------------+-------+-------+-------++-------
Melee: Unarmed           |     1 |       |       ||     1
       Dagger            |    14 |    15 |    49 ||    78
 Cast: Flame Tongue      |    84 |    84 |   214 ||   382
       Conjure Flame     |       |     3 |     5 ||     8
       Sticky Flame      |       |     4 |    13 ||    17
       Fireball          |       |       |    12 ||    12
       Force Lance       |       |       |    10 ||    10
  Use: Scroll            |       |     8 |     8 ||    16
       Potion            |       |       |     1 ||     1
 Stab: Sleeping          |     1 |       |     1 ||     2
  Eat: Chunk             |     3 |     7 |    19 ||    29
       Royal jelly       |       |       |     1 ||     1
       Fruit             |       |       |     1 ||     1
Armor: Robe              |    10 |     5 |    18 ||    33
Dodge: Dodged            |    43 |    19 |    53 ||   115
